 Dungeon Crawl Stone Soup version 0.18.1-50-g88ac8fd (webtiles) character file.

16789 Chiseanne the Unseen (level 12, -5/56 HPs)
             Began as a Spriggan Assassin on Mar 28, 2017.
             Was an Initiate of Gozag.
             Slain by a spiny frog (23 damage)
             ... on level 4 of the Lair of Beasts.
             The game lasted 00:49:06 (15477 turns).

Chiseanne the Unseen (Spriggan Assassin)           Turns: 15477, Time: 00:49:07

Health: -5/56      AC:  6    Str: 12    XL:     12   Next: 13%
Magic:  20/20      EV: 32    Int: 12    God:    Gozag
Gold:   843        SH:  0    Dex: 22    Spells: 4 memorised, 2 levels left

rFire  x . .     SeeInvis +     f - +9 falchion of Honour {drain, rPois rF- rC+++ Int+4}
rCold  + + +     Gourm    .     Q - +2 robe of Daffodils {Str+5 Int-5 Stlth+}
rNeg   . . .     Faith    .     (shield restricted)
rPois  +         Spirit   .     F - +0 mask of the Dragon {MR+ Slay+3 SInv}
rElec  .         Dismiss  .     t - +1 cloak {rPois}
rCorr  .         Reflect  .     (gloves unavailable)
SustAt .         Harm     .     (boots unavailable)
MR     +++++                    (no amulet)
Stlth  ++++++++..               A - ring of protection from magic
                                l - ring of protection from magic

@: drained, very quick, almost entirely resistant to hostile enchantments,
extraordinarily stealthy
A: unfitting armour, see invisible, herbivore 3, speed 3, slow metabolism 2
a: Potion Petition, Call Merchant, Bribe Branch, Renounce Religion


You were on level 4 of the Lair of Beasts.
You worshipped Gozag.
Gozag was noncommittal.
You were very full.

You visited 2 branches of the dungeon, and saw 16 of its levels.
You also visited: Ossuary.

You collected 3317 gold pieces.
You spent 1255 gold pieces at shops.
You paid 1219 gold pieces to Gozag.

Inventory:

Hand Weapons
 a - a +3 dagger of venom
 d - a +2 scimitar of flaming
 e - a +0 hunting sling of electrocution
 f - the +9 falchion of Honour (weapon) {drain, rPois rF- rC+++ Int+4}
   (You found it on level 2 of the Lair of Beasts)

   A truly terrible weapon, it drains the life of those it strikes.
   It affects your intelligence (+4).
   It makes you vulnerable to fire.
   It renders you almost immune to cold.
   It protects you from poison.
 s - a +3 long sword of holy wrath
 v - the +5 hand axe of Hacking and Slashing {venom, rPois Int+3}
   (You found it on level 1 of the Lair of Beasts)

   It poisons the flesh of those it strikes.
   It affects your intelligence (+3).
   It protects you from poison.
 w - a +0 blowgun
Missiles
 h - 190 arrows
 j - 413 stones
 k - 65 poisoned needles
 m - 13 tomahawks (quivered)
 q - 59 bolts
 C - 41 sling bullets
 J - 3 throwing nets
 S - 4 needles of paralysis
 U - a curare-tipped needle
Armour
 t - a +1 cloak of poison resistance (worn)
 F - the +0 mask of the Dragon (worn) {MR+ Slay+3 SInv}
   (You bought it in a shop on level 6 of the Dungeon)

   It affects your accuracy and damage with ranged weapons and melee attacks
   (+3).
   It affects your resistance to hostile enchantments.
   It lets you see invisible.
 Q - the +2 robe of Daffodils (worn) {Str+5 Int-5 Stlth+}
   (You bought it in a shop on level 10 of the Dungeon)

   It affects your strength (+5).
   It affects your intelligence (-5).
   It makes you more stealthy.
Jewellery
 l - a ring of protection from magic (left hand)
 A - a ring of protection from magic (right hand)
 M - an uncursed ring of poison resistance
Wands
 c - a wand of paralysis (4/24)
 y - a wand of iceblast (0/15)
 B - a wand of enslavement (2/24)
 K - a wand of acid (3/15)
 O - a wand of paralysis (10/24)
 T - a wand of iceblast (8/15)
Scrolls
 b - 3 scrolls of recharging
 u - 5 scrolls of teleportation
 z - 2 scrolls of amnesia
 I - a scroll of immolation
 L - a scroll of remove curse
Potions
 i - 3 potions of agility
 o - 2 potions of flight
 p - 3 potions of cure mutation
 r - 4 potions of curing
 x - a potion of berserk rage
 D - a potion of brilliance
 G - a potion of cancellation
 N - a potion of resistance {unknown}
 P - a potion of might {unknown}
 R - a potion of haste {unknown}
 W - a potion of heal wounds
Books
 n - a book of the Sky

   Spells                             Type                      Level
   a - Summon Lightning Spire         Summoning/Air                4
   b - Airstrike                      Air                          4
   c - Silence                        Hexes/Air                    5
   d - Deflect Missiles               Charms/Air                   6
   e - Conjure Ball Lightning         Conjuration/Air              6
   f - Tornado                        Air                          9
 H - a book of Annihilations

   Spells                             Type                      Level
   a - Poison Arrow                   Conjuration/Poison           6
   b - Chain Lightning                Conjuration/Air              8
   c - Lehudib's Crystal Spear        Conjuration/Earth            8
   d - Glaciate                       Conjuration/Ice              9
   e - Fire Storm                     Conjuration/Fire             9
Comestibles
 g - 8 bread rations
 E - a royal jelly
 V - 19 fruits


   Skills:
 - Level 3.5(2.7) Fighting
 - Level 6.3(5.4) Short Blades
 * Level 8.0(8.4) Slings
 - Level 6.2(6.7) Throwing
 * Level 14.4(13.3) Dodging
 * Level 16.3(15.1) Stealth
 - Level 9.4(8.4) Evocations


You had 2 spell levels left.
You knew the following spells:

 Your Spells              Type           Power        Failure   Level  Hunger
a - Apportation           Tloc           #.........   34%         1    ##.....
b - Blink                 Tloc           N/A          52%         2    ###....
c - Shroud of Golubria    Chrm/Tloc      #.........   52%         2    ###....
d - Passage of Golubria   Tloc           N/A          100%        4    #####..


Dungeon Overview and Level Annotations

Branches:
Dungeon (12/15)              Lair (4/8) D:10          Snake (0/4) Lair:3
 Temple: D:4-7        Swamp: Lair:3-6    Shoals: Lair:3-6       Orc: D:9-12

Altars:
Dithmenos
Elyvilon
Gozag
Qazlal
Ru
Zin

Shops:
D:6 [   D:10 [   D:11 }

Annotations:
D:5 Dowan, Duvessa


Innate Abilities, Weirdness & Mutations

You are tiny and cannot use many weapons and most armour.
You have supernaturally acute eyesight.
You are a herbivore.
You cover ground extremely quickly.
You need consume almost no food.


Message History

You hit the yak. You drain the yak!
The yak is severely wounded.
The yak gores you. The yak barely misses you.
You hit the yak.
The yak is moderately wounded.
The yak closely misses you.
You hit the spiny frog.
The spiny frog is lightly wounded.
The yak gores you. The yak completely misses you.
The spiny frog completely misses you. The yak gores you but does no damage.
You slash the spiny frog! You drain the spiny frog!
The spiny frog is severely wounded.
The spiny frog closely misses you. The yak gores you!
The yak completely misses you. x2
You barely miss the spiny frog.
The spiny frog is severely wounded.
The spiny frog stings you! The yak completely misses you.
The spiny frog stings you!!
You die...
Your body crumbles into a pile of gold.

...# ............
....##............
..................
..................
.......<..........
...................
....................
.....................
.........Y@Y.........
.........FFY........#
.........$YY.......#..
..........($........P.
.........#$..........
.......##...........
≈......#.(..........
≈........((.........
≈...................


You could see 5 yaks and 2 spiny frogs.

Vanquished Creatures
  A hydra (Lair:2)
  Harold (D:11)
  An unseen horror (D:10)
  2 hill giants
  Maurice (D:8)
  2 black mambas (Lair:1)
  A gargoyle (D:10)
  4 spiny frogs
  An efreet (D:10)
  4 komodo dragons
  2 trolls
  2 two-headed ogres
  A slime creature (D:10)
  A spriggan (D:7)
  A wyvern (D:11)
  A basilisk (Lair:3)
  14 yaks
  3 hippogriffs
  Grum (D:11)
  2 nagas (Lair:3)
  3 porcupines
  2 orc warriors (D:9)
  5 water moccasins
  3 sky beasts
  A black bear (D:6)
  An ice beast (D:8)
  A necrophage (D:10)
  A phantom (D:7)
  5 ogres
  3 wolves (D:11)
  2 centaurs (D:9)
  5 big kobolds
  7 crocodiles
  6 giant frogs
  A scorpion (D:7)
  A killer bee (D:8)
  5 wights (D:8)
  2 howler monkeys (D:11)
  3 crimson imps
  A quasit (D:10)
  2 centaur zombies
  2 human zombies (Ossuary)
  4 hounds
  6 jellies
  An orc priest (D:12)
  2 giant frog skeletons
  4 iguanas
  5 worker ants
  3 orc wizards
  10 sheep (Lair:3)
  A big kobold zombie (Ossuary)
  A hound zombie (D:7)
  2 hound skeletons
  2 mummies (Ossuary)
  A worker ant zombie (D:9)
  8 gnolls
  8 adders
  9 river rats (Lair:1)
  3 shadow imps
  15 oozes
  An adder zombie (Ossuary)
  A dart slug (D:2)
  4 giant geckos
  49 orcs
  A giant cockroach (D:2)
  5 goblins
  6 hobgoblins
  6 jackals
  4 quokkas
  A ball python (D:6)
  11 bats
  6 giant newts
  3 goblin zombies (Ossuary)
  6 hobgoblin zombies (Ossuary)
  2 jackal zombies (Ossuary)
  21 kobolds
  11 kobold zombies (Ossuary)
  10 orc zombies (Ossuary)
  A quokka skeleton (D:4)
  14 rats
  2 butterflies (Lair:3)
  3 fungi (D:10)
  2 plants (D:10)
363 creatures vanquished.

Vanquished Creatures (collateral kills)
  A jelly (D:10)
  2 oozes (D:10)
3 creatures vanquished.

Vanquished Creatures (others)
  A quokka (D:6)
  10 fungi (D:10)
  2 plants (D:10)
13 creatures vanquished.

Grand Total: 379 creatures vanquished

Notes
Turn   | Place    | Note
--------------------------------------------------------------
     0 | D:1      | Chiseanne the Spriggan Assassin began the quest for the Orb.
     0 | D:1      | Reached XP level 1. HP: 10/10 MP: 2/2
    91 | D:1      | Reached skill level 6 in Stealth
    91 | D:1      | Reached XP level 2. HP: 15/15 MP: 3/3
   616 | D:2      | Reached XP level 3. HP: 18/18 MP: 4/4
   831 | D:2      | Found an opulent altar of Gozag.
   850 | D:2      | Became a worshipper of Gozag Ym Sagoz the Greedy
  1086 | D:2      | Reached XP level 4. HP: 19/23 MP: 5/5
  2218 | D:3      | Reached skill level 7 in Stealth
  2410 | D:4      | Reached XP level 5. HP: 26/26 MP: 6/6
  2506 | D:4      | Noticed a phantom
  2513 | D:5      | Entered Level 5 of the Dungeon
  2513 | D:5      | Noticed a phantom
  2586 | D:5      | Noticed a phantom
  2587 | D:5      | Noticed Duvessa
  2591 | D:5      | Noticed Dowan
  2600 | D:6      | Noticed an ogre
  2631 | D:6      | Killed an ogre
  2631 | D:6      | Reached XP level 6. HP: 8/32 MP: 7/7
  2876 | D:6      | Noticed a troll
  2887 | D:6      | Reached skill level 5 in Dodging
  2997 | D:6      | Killed a troll
  2997 | D:6      | Reached skill level 8 in Stealth
  2997 | D:6      | Reached XP level 7. HP: 28/35 MP: 8/8
  3141 | D:6      | Found a white marble altar of Elyvilon.
  3172 | D:6      | Found a sand-covered staircase.
  3181 | Ossuary  | Entered an ossuary
  3921 | Ossuary  | Reached skill level 9 in Stealth
  4197 | D:6      | Reached XP level 8. HP: 40/40 MP: 9/9
  4228 | D:6      | Bought an embroidered robe for 14 gold pieces
  4228 | D:6      | Bought an embroidered cloak for 90 gold pieces
  4443 | D:6      | Reached skill level 5 in Throwing
  4443 | D:6      | Reached skill level 10 in Stealth
  4772 | D:7      | Reached skill level 1 in Evocations
  5057 | D:7      | Reached skill level 11 in Stealth
  5224 | D:7      | Reached XP level 9. HP: 26/44 MP: 12/12
  5674 | D:8      | Found a glowing silver altar of Zin.
  5704 | D:8      | Found a shadowy altar of Dithmenos.
  6010 | D:8      | Noticed Maurice
  6040 | D:8      | Killed Maurice
  6040 | D:8      | Reached skill level 5 in Evocations
  6123 | D:8      | Reached skill level 10 in Dodging
  6594 | D:8      | Reached skill level 12 in Stealth
  7045 | D:8      | Found a sacrificial altar of Ru.
  7559 | D:9      | Found a stormy altar of Qazlal.
  7720 | D:6      | Bought the +0 mask of the Dragon {MR+ Slay+3 SInv} for 668 gold pieces
  8808 | D:10     | Entered Level 10 of the Dungeon
  8808 | D:10     | Noticed an unseen horror
  8812 | D:10     | Killed an unseen horror
  8812 | D:10     | Reached skill level 5 in Short Blades
  8812 | D:10     | Reached XP level 10. HP: 49/49 MP: 16/16
  8839 | D:10     | Found a staircase to the Lair.
  9012 | D:6      | Bought an opalescent robe for 114 gold pieces
  9023 | D:6      | Identified the +0 robe "Werphi" {Str+4} (You bought it in a shop on level 6 of the Dungeon)
  9260 | D:10     | Noticed a gargoyle
  9268 | D:10     | Killed a gargoyle
  9291 | D:10     | Reached skill level 13 in Stealth
 10236 | D:11     | Found Nagolec's Gadget Shop.
 10246 | D:11     | Noticed Harold
 10250 | D:11     | Killed Harold
 10325 | D:11     | Noticed Grum
 10379 | D:11     | Killed Grum
 11108 | D:11     | Reached skill level 14 in Stealth
 11402 | D:12     | Noticed a centaur warrior
 11619 | D:12     | Reached XP level 11. HP: 37/52 MP: 18/18
 11828 | D:12     | Noticed a hill giant
 11866 | D:12     | Killed a hill giant
 12122 | D:10     | Noticed a hill giant
 12152 | D:10     | Killed a hill giant
 12197 | Lair:1   | Entered Level 1 of the Lair of Beasts
 12358 | Lair:1   | Reached skill level 5 in Slings
 12415 | D:10     | Bought the +2 robe of Daffodils {Str+5 Int-5 Stlth+} for 369 gold pieces
 12604 | Lair:1   | Reached skill level 15 in Stealth
 12689 | Lair:1   | Got a warped hand axe
 12691 | Lair:1   | Identified the +5 hand axe of Hacking and Slashing {venom, rPois Int+3} (You found it on level 1 of the Lair of Beasts)
 13645 | Lair:2   | Learned a level 1 spell: Apportation
 13648 | Lair:2   | Learned a level 2 spell: Blink
 13651 | Lair:2   | Learned a level 2 spell: Shroud of Golubria
 13656 | Lair:2   | Learned a level 4 spell: Passage of Golubria
 13799 | Lair:2   | Noticed a four-headed hydra
 13806 | Lair:2   | Killed a four-headed hydra
 14026 | Lair:2   | Got an ebony falchion
 14345 | Lair:2   | Reached skill level 16 in Stealth
 14512 | Lair:3   | Reached XP level 12. HP: 56/56 MP: 20/20
 14576 | Lair:3   | Found a staircase to the Snake Pit.
 15207 | Lair:3   | Identified the +9 falchion of Honour {drain, rPois rF- rC+++ Int+4} (You found it on level 2 of the Lair of Beasts)
 15477 | Lair:4   | Slain by a spiny frog

Skill      XL: |  1  2  3  4  5  6  7  8  9 10 11 12 |
---------------+-------------------------------------+-----
Dodging        | 2 3 4 5 7 9 10 12 14 | 14.4
Stealth        | 6 7 8 9 11 12 14 16 | 16.3
Fighting       | 2 3 |  3.5
Throwing       | 3 4 6 |  6.2
Evocations     | 3 7 9 |  9.4
Short Blades   | 5 6 |  6.3
Slings         | 3 7 8 |  8.0

Action                   |  1- 3 |  4- 6 |  7- 9 | 10-12 || total
-------------------------+-------+-------+-------+-------++-------
Melee: Dagger            |    59 |    88 |   152 |   278 ||   577
       Long sword        |       |       |   217 |   104 ||   321
       Falchion          |       |       |       |     6 ||     6
 Fire: Blowgun           |       |    53 |    39 |     7 ||    99
       Hunting sling     |       |       |    67 |   145 ||   212
Throw: Stone             |       |       |     3 |       ||     3
       Tomahawk          |       |       |    17 |     8 ||    25
Invok: Potion Petition   |     1 |       |       |       ||     1
       Call Merchant     |       |       |     1 |     1 ||     2
Evoke: Wand              |       |       |    27 |     5 ||    32
  Use: Scroll            |     2 |    12 |     8 |     7 ||    29
 Stab: Sleeping          |    16 |    13 |    29 |    44 ||   102
       Distracted        |       |       |     7 |     6 ||    13
       Paralysed         |       |       |     3 |       ||     3
  Eat: Royal jelly       |       |       |     1 |     2 ||     3
       Pizza             |       |       |     1 |     2 ||     3
       Bread ration      |       |       |     1 |       ||     1
       Fruit             |       |       |       |     1 ||     1
Armor: Robe              |     5 |    11 |    28 |    22 ||    66
Dodge: Dodged            |    33 |    79 |   410 |   386 ||   908
